[ AOE2 MATCH · #506477091 ]
UnrankedPersians vs Teutons
Player's team · LOSS
Rival team · WIN
[ REPLAY ANALYSIS · EXTRACTED FROM THE RECORDED GAME ]
Feudal
9:32
Castle
—
Imperial
—
| APM avg | 48.9 |
| APM peak | 69 |
| eAPM avg | 17.1 |
| Villagers / military | 23 / 5 |
Focus
⚔️ 20.8% · 🌾 79.2%
Militia ×5
Feudal
9:25
Castle
—
Imperial
—
| APM avg | 35.2 |
| APM peak | 59 |
| eAPM avg | 12.0 |
| Villagers / military | 40 / 0 |
Focus
⚔️ 17.4% · 🌾 82.6%
Match map
Initial resources + every placement click. Lines = walls · curves = elevation contours. ◆ gold · ⬟ stone · ● berries · ✦ relic · ◌ wall gap
Your base
VENI.VIDI.VICI.'s base
Smoothed initial terrain · ◌ = detected wall gap · hover for details
Inputs per minute
— Kograth - - VENI.VIDI.VICI.
Build order — Kograth
44 actions detected in the replay
| 0:00 | Queue | Villager (Male) |
| 0:01 | Queue | Villager (Male) |
| 0:01 | Queue | Villager (Male) |
| 0:02 | Build | House |
| 0:05 | Build | House |
| 0:12 | Queue | Villager (Male) |
| 0:12 | Queue | Villager (Male) |
| 1:31 | Queue | Villager (Male) |
| 1:31 | Queue | Villager (Male) |
| 1:49 | Build | Lumber Camp |
| 2:10 | Queue | Villager (Male) |
| 2:25 | Queue | Villager (Male) |
| 3:10 | Queue | Villager (Male) |
| 3:13 | Queue | Villager (Male) |
| 3:14 | Queue | Villager (Male) |
| 3:38 | Build | House |
| 3:39 | Build | House |
| 3:53 | Queue | Villager (Male) |
| 4:05 | Build | Mill |
| 4:21 | Queue | Villager (Male) |
| 4:21 | Queue | Villager (Male) |
| 4:41 | Queue | Villager (Male) |
| 5:09 | Queue | Villager (Male) |
| 5:09 | Queue | Villager (Male) |
| 5:58 | Queue | Villager (Male) |
| 5:58 | Queue | Villager (Male) |
| 6:08 | Build | Barracks |
| 6:18 | Research | Loom |
| 6:43 | Build | Mining Camp |
| 6:56 | Queue | Villager (Male) |
| 7:29 | Research | Feudal Age |
| 7:29 | Research | Feudal Age |
| 7:43 | Build | House |
| 7:53 | Queue | Militia |
| 7:53 | Queue | Militia |
| 8:20 | Queue | Militia |
| 8:20 | Queue | Militia |
| 8:20 | Queue | Militia |
| 9:20 | Queue | Villager (Male) |
| 9:32 | Age | Feudal Age |
| 9:33 | Research | Man-at-Arms (upgrade) |
| 9:42 | Build | Archery Range |
| 10:06 | Build | Market |
| 10:10 | Queue | Villager (Male) |
Build order — VENI.VIDI.VICI.
54 actions detected in the replay
| 0:00 | Queue | Villager (Male) |
| 0:00 | Queue | Villager (Male) |
| 0:00 | Queue | Villager (Male) |
| 0:02 | Build | House |
| 0:03 | Build | House |
| 0:38 | Queue | Villager (Male) |
| 0:38 | Queue | Villager (Male) |
| 0:38 | Queue | Villager (Male) |
| 0:38 | Queue | Villager (Male) |
| 1:38 | Queue | Villager (Male) |
| 1:38 | Queue | Villager (Male) |
| 1:38 | Queue | Villager (Male) |
| 1:38 | Queue | Villager (Male) |
| 1:38 | Queue | Villager (Male) |
| 2:04 | Queue | Villager (Male) |
| 2:04 | Queue | Villager (Male) |
| 2:04 | Queue | Villager (Male) |
| 2:04 | Queue | Villager (Male) |
| 2:22 | Queue | Villager (Male) |
| 2:22 | Queue | Villager (Male) |
| 2:22 | Queue | Villager (Male) |
| 2:22 | Queue | Villager (Male) |
| 2:38 | Build | Lumber Camp |
| 2:48 | Queue | Villager (Male) |
| 2:48 | Queue | Villager (Male) |
| 2:48 | Queue | Villager (Male) |
| 2:48 | Queue | Villager (Male) |
| 3:23 | Queue | Villager (Male) |
| 3:23 | Queue | Villager (Male) |
| 3:23 | Queue | Villager (Male) |
| 4:12 | Queue | Villager (Male) |
| 4:12 | Queue | Villager (Male) |
| 4:12 | Queue | Villager (Male) |
| 4:12 | Queue | Villager (Male) |
| 4:21 | Build | Mill |
| 4:45 | Build | House |
| 5:00 | Queue | Villager (Male) |
| 5:00 | Queue | Villager (Male) |
| 5:00 | Queue | Villager (Male) |
| 5:00 | Queue | Villager (Male) |
| 5:00 | Queue | Villager (Male) |
| 5:38 | Research | Loom |
| 6:18 | Queue | Villager (Male) |
| 6:18 | Queue | Villager (Male) |
| 6:53 | Build | Mining Camp |
| 7:15 | Research | Feudal Age |
| 8:52 | Queue | Villager (Male) |
| 8:52 | Queue | Villager (Male) |
| 9:25 | Age | Feudal Age |
| 9:32 | Build | Watch Tower |
| 9:35 | Research | Double-Bit Axe |
| 9:35 | Research | Double-Bit Axe |
| 9:36 | Research | Double-Bit Axe |
| 10:11 | Build | Watch Tower |
Match timeline
| 6:08 | Kograth · first_building Barracks |
| 9:25 | VENI.VIDI.VICI. · age_up feudal |
| 9:32 | Kograth · age_up feudal |
| 9:42 | Kograth · first_building Archery Range |
| 10:17 | Kograth · resign |
[ AI ANALYSIS · 1 CREDIT ]
What really happened in this match?
Wolo.gg analyzes every decision: build order, eco, micro, common mistakes by bracket. Personalized analysis on WhatsApp or Discord in 30 seconds.
Civ guide
Persians
Perfil
Jugador #427602